dl, chaotic male human Rogue ---- --...- |..... -.... |....)--- -...(<| | ---.--- |...-#- -----...-- |.---I...| |....%..-| ---....[.| --.....-- |......- --......| --..|..| ------- dl the Cutpurse Experience level: 5 Strength: 15 Dexterity: 15 Constitution: 18 Intelligence: 10 Wisdom: 12 Charisma: 8 Health: 0(49) Energy: 25(25) Def: 7 Gold: 54 Moves: 1668 Dungeon seed: 7xBcvg63rUEZwJg3 Game ID: dl_1529462262 Your Inventory: Coins $ - 54 gold pieces Amulets w - an uncursed amulet versus poison Weapons k - a +0 boomerang l - 12 +0 daggers (in quiver) o - 14 +0 darts p - 8 +0 daggers s - a +0 dwarvish short sword (weapon in hand) u - a +2 dagger Armor e - an uncursed +1 leather armor (being worn) z - an uncursed +0 dwarvish iron helm (being worn) N - an uncursed +0 pair of iron shoes (being worn) Scrolls j - a cursed scroll of genocide Potions c - an uncursed potion of sickness Tools d - an uncursed lock pick f - an uncursed sack v - an uncursed tin whistle x - an uncursed oil lamp (0:1048) Gems n - 2 uncursed rubies q - 2 uncursed amethyst stones r - an uncursed worthless piece of white glass y - an uncursed worthless piece of black glass Spells and supernatural/magical abilities: Name Level Category Fail Memory W - pray for help -- divine ? -- Your skills at the end: Fighting Skills Weapon Skills dagger [Basic] short sword [Basic] Spellcasting Skills Final Attributes: You were piously aligned. You were stealthy. You are dead. Vanquished creatures: a small mimic a shrieker a gnome lord a gnomish wizard a kitten 3 dwarves a large kobold a giant rat 10 gnomes a gecko 5 jackals 2 kobolds 2 goblins a bat a lichen a kobold zombie 2 newts 35 creatures vanquished. Voluntary challenges: You used a wielded weapon 25 times, starting on turn 19. You read items or engraved 1 time, starting on turn 933. You never genocided any monsters. You never polymorphed an object. You never changed form. You used no wishes. You never split a pudding. You never wrote Elbereth's name. You never violated your personal moral code. Dungeon overview: The Dungeons of Doom: levels 1 to 3 Level 1 a long staircase Level 2 a general store stairs to The Gnomish Mines Level 3 The Gnomish Mines: levels 3 to 4 Level 3 stairs to The Dungeons of Doom Level 4 <- You were here History has recorded: On T:1 you entered the Dungeons of Doom to retrieve the Amulet of Yendor! On T:35 you reached level 2 of The Dungeons of Doom. On T:384 you reached level 3 of The Dungeons of Doom. On T:534 you advanced to experience level 2. On T:645 you advanced to experience level 3. On T:885 you reached level 1 of The Gnomish Mines. On T:979 you advanced to experience level 4. On T:1476 you advanced to experience level 5. On T:1585 you reached level 2 of The Gnomish Mines. Score breakdown: Gold: 54 ( 5920 points) Experience: 5 levels (11141 points) Exploration: 4 levels ( 7.84%) ( 7348 points) Discoveries: 4 items ( 1.34%) ( 3475 points) Valuables value: (no points given unless you survive) Artifact value: 0 ( 0 points) Variety of kills: 17 monsters ( 4.46%) ( 6336 points) Turncount: 1668 turns ( 0 points) Survival: died (score multiplied by 80%) Total score: 27376 Latest messages: There are a few objects here. The gnomish wizard points all around, then curses. The air crackles around the gnomish wizard. You hit the gnomish wizard! The gnomish wizard points all around, then curses. You hit the gnomish wizard. The gnomish wizard points at you, then curses. You hit the gnomish wizard. The gnomish wizard points all around, then curses. You kill the gnomish wizard! There are a few objects here. You hear crashing rock. You kill the gnome! The dagger misses the gnome. You hear crashing rock. The dagger hits the gnome. The gnome picks up a +0 dagger. The dwarf zaps an ebony wand! The sleep ray hits you! The sleep ray bounces! The sleep ray hits you! The sleep ray hits it. It hits! (5x) You die... Final status: Goodbye dl the Rogue, killed by a dwarf, while sleeping... You died in The Gnomish Mines on dungeon level 4 with 27376 points, and 54 pieces of gold, after 1668 moves. You were level 5 with a maximum of 49 hit points when you died.